Match 46882866
Unlisted

Match 46882866
End
Kradschützen Motorcycle Team
Selects Italian Combined Arms Battlegroup
Selects Italian Combined Arms Battlegroup
Selects Italian Combined Arms Battlegroup
Selects Bersaglieri Squad
Bersaglieri Squad
Bersaglieri Squad
250 Light Carrier
Construct Light Support Kompanie
Combat Half-tracks
Fire Support Elements
Selects Bersaglieri Bolster
2.5-tonne Medical Truck
Panzerjäger Mechanized Group
le.IG 18 Support Gun Team
Selects Breda Model 30 Light Machine Guns
Flakvierling Half-track
Construct Mechanized Kompanie
StuG III D Assault Gun
Selects Semovente da 75/18 Assault Gun
254 Reconnaissance Tractor
Assault Mechanized Group
Selects Strafing Run
Selects Pact of Steel
Flakvierling Half-track
Marder III Tank Destroyer
Strafing Run
Flakvierling Half-track
Strafing Run
Emergency Repair Kits
Marder III Tank Destroyer
Strafing Run
Marder III Tank Destroyer
18-tonne Recovery Half-track
Rapid Advance
Vehicle Survival Package
Strafing Run
Flakvierling Half-track
Flakvierling Half-track
Marder III Tank Destroyer
StuG III D Assault Gun
Strafing Run
Flakvierling Half-track
水银灯
(KCC)MGfirst
꿀뜨개Honeydipper
I'm really Newbie
剩者为王
冲锋大哥
跪下Kneel
顶尖猎杀者
0
0

Comments sign in to comment!

No comments posted yet!